| TOP OF THE 1ST |
|
San Diego Padres batting - Pitching for Cincinnati Reds : LHP Marco Berrios
|
|
Pitching: LHP Marco Berrios
|
|
|
Batting: RHB Hildo Pot
|
0-0: Ball 1-0: Ball 2-0: Called Strike 2-1: Called Strike 2-2: SOLO HOME RUN (Flyball, 7D, EV 105.6 MPH), Distance : 412 ft
|
|
Batting: SHB Phil Zacharia
|
0-0: Ball 1-0: Foul Ball, location: 2F 1-1: Ball 2-1: Ball 3-1: Base on Balls
|
|
Batting: RHB Hugo Bautista
|
0-0: Swinging Strike 0-1: Ball 1-1: Ball 2-1: 2-RUN HOME RUN (Flyball, 7D, EV 107.5 MPH), Distance : 416 ft
|
|
Batting: RHB Luis Torres
|
0-0: Called Strike 0-1: Ground out 6-3 (Groundball, 6, EV 85.6 MPH)
|
|
Batting: RHB Kaeo Zirpoli
|
0-0: Foul Ball, location: 2F 0-1: SINGLE (Line Drive, 3D, EV 107.5 MPH)
|
|
Batting: RHB C.J. Beavers
|
0-0: Foul Ball, location: 2F 0-1: Swinging Strike 0-2: Foul Ball, location: 2F 0-2: Foul Ball, location: 2F 0-2: Ball 1-2: Fly out, F6 (Line Drive, 56, EV 66.2 MPH)
|
|
Batting: RHB Billy Crookston
|
0-0: Ball 1-0: Foul Ball, location: 2F 1-1: Foul Ball, location: 2F 1-2: Foul Ball, location: 2F 1-2: Fly out, F9 (Flyball, 9D, EV 103.1 MPH)
|
| Top of the 1st over - 3 runs, 3 hits, 0 errors, 1 left on base; San Diego 3 - Cincinnati 0 |
| BOTTOM OF THE 1ST |
|
Cincinnati Reds batting - Pitching for San Diego Padres : LHP Matt Wheeler
|
|
Pitching: LHP Matt Wheeler
|
|
|
Batting: RHB Willie Lazcano
|
0-0: Ball 1-0: Foul Ball, location: 2F 1-1: Ground out 3-1 (Groundball, 34, EV 101.9 MPH)
|
|
Batting: RHB Steve Castleberry
|
0-0: Ball 1-0: Ground out 1-3 (Groundball, 15, EV 73.1 MPH)
|
|
Batting: LHB Chris Grunwald
|
0-0: Ball 1-0: Swinging Strike 1-1: Ball 2-1: Ball 3-1: Called Strike 3-2: Foul Ball, location: 2F 3-2: Fly out, F9 (Line Drive, 89M, EV 95.0 MPH)
|
| Bottom of the 1st over - 0 runs, 0 hits, 0 errors, 0 left on base; San Diego 3 - Cincinnati 0 |
| TOP OF THE 2ND |
|
San Diego Padres batting - Pitching for Cincinnati Reds : LHP Marco Berrios
|
|
Batting: LHB Mike Holt
|
0-0: Ball 1-0: Ball 2-0: SINGLE (Groundball, 34D, EV 103.1 MPH)
|
|
Batting: RHB Travis Robinson
|
0-0: Swinging Strike 0-1: Ball 1-1: Foul Ball, location: 2F 1-2: Ball 2-2: Foul Ball, location: 2F 2-2: Fly out, F8 (Flyball, 8RD, EV 86.2 MPH)
|
|
Batting: RHB Hildo Pot
|
0-0: Called Strike 0-1: Called Strike 0-2: Ball 1-2: Ball 2-2: Grounds into double play, 5-4-3 (Groundball, 56, EV 97.5 MPH)
|
| Top of the 2nd over - 0 runs, 1 hit, 0 errors, 0 left on base; San Diego 3 - Cincinnati 0 |
| BOTTOM OF THE 2ND |
|
Cincinnati Reds batting - Pitching for San Diego Padres : LHP Matt Wheeler
|
|
Batting: SHB Dave Barefoot
|
0-0: Ball 1-0: Fly out, F7 (Line Drive, 78M, EV 94.4 MPH)
|
|
Batting: RHB Mike Alm
|
0-0: Fly out, F7 (Flyball, 7S, EV 86.2 MPH)
|
|
Batting: SHB Saulo Maina
|
0-0: Ground out 6-3 (Groundball, 6MD, EV 86.9 MPH)
|
| Bottom of the 2nd over - 0 runs, 0 hits, 0 errors, 0 left on base; San Diego 3 - Cincinnati 0 |
| TOP OF THE 3RD |
|
San Diego Padres batting - Pitching for Cincinnati Reds : LHP Marco Berrios
|
|
Pitching: LHP Ed Chavez
|
|
|
Batting: SHB Phil Zacharia
|
0-0: Ball 1-0: Ball 2-0: Ball 3-0: Called Strike 3-1: Base on Balls
|
|
Batting: RHB Hugo Bautista
|
0-0: Fly out, F6 (Line Drive, 6, EV 70.0 MPH)
|
|
Batting: RHB Luis Torres
|
0-0: Called Strike 0-1: Fly out, F6 (Line Drive, 6, EV 67.5 MPH)
|
|
Batting: RHB Kaeo Zirpoli
|
Balk! Phil Zacharia to second 0-0: Called Strike 0-1: Ball 1-1: Ball 2-1: Ball 3-1: Base on Balls
|
|
Batting: RHB C.J. Beavers
|
0-0: Foul Ball, location: 2F 0-1: Fielders Choice at 2nd, 5-4 (Groundball, 56, EV 85.6 MPH)
|
| Top of the 3rd over - 0 runs, 0 hits, 0 errors, 2 left on base; San Diego 3 - Cincinnati 0 |
| BOTTOM OF THE 3RD |
|
Cincinnati Reds batting - Pitching for San Diego Padres : LHP Matt Wheeler
|
|
Batting: RHB Bruno André
|
0-0: Called Strike 0-1: Foul Ball, location: 2F 0-2: Ball 1-2: Foul Ball, location: 2F 1-2: Ball 2-2: SINGLE (Line Drive, 78M, EV 111.2 MPH)
|
|
Batting: RHB Takanibu Kaneshiro
|
0-0: Ball 1-0: 2-RUN HOME RUN (Flyball, 7LD, EV 98.8 MPH), Distance : 363 ft
|
|
Batting: LHB Antonio Figueroa
|
0-0: Ground out U3 (Groundball, 13, EV 87.5 MPH)
|
|
Batting: RHB Willie Lazcano
|
0-0: Fly out, F8 (Flyball, 89D, EV 101.2 MPH)
|
|
Batting: RHB Steve Castleberry
|
0-0: Fly out, F9 (Flyball, 89M, EV 96.9 MPH)
|
| Bottom of the 3rd over - 2 runs, 2 hits, 0 errors, 0 left on base; San Diego 3 - Cincinnati 2 |
| TOP OF THE 4TH |
|
San Diego Padres batting - Pitching for Cincinnati Reds : LHP Ed Chavez
|
|
Pitching: RHP Matt Flink
|
|
|
Batting: RHB Billy Crookston
|
0-0: Ball 1-0: Ball 2-0: Ball 3-0: Base on Balls
|
|
Batting: LHB Mike Holt
|
0-0: Ball 1-0: Fly out, F8 (Flyball, 8LD, EV 98.1 MPH)
|
|
Batting: RHB Travis Robinson
|
0-0: Called Strike 0-1: Fly out, F4 (Popup, 34D, EV 70.6 MPH)
|
|
Pinch Hitting: LHB Hugo MacBeth
|
0-0: Called Strike 0-1: Ball 1-1: Called Strike 1-2: Strikes out swinging
|
| Top of the 4th over - 0 runs, 0 hits, 0 errors, 1 left on base; San Diego 3 - Cincinnati 2 |
| BOTTOM OF THE 4TH |
|
Cincinnati Reds batting - Pitching for San Diego Padres : LHP Matt Wheeler
|
|
Now at 1B: Hugo MacBeth
|
|
|
Batting: LHB Chris Grunwald
|
0-0: SOLO HOME RUN (Flyball, 9LD, EV 95.6 MPH), Distance : 344 ft
|
|
Batting: SHB Dave Barefoot
|
0-0: Ball 1-0: Ball 2-0: Foul Ball, location: 2F 2-1: Ball 3-1: Foul Ball, location: 2F 3-2: Foul Ball, location: 2F 3-2: Base on Balls
|
|
Batting: RHB Mike Alm
|
0-0: Foul Ball, location: 2F 0-1: Called Strike 0-2: Hit by Pitch Dave Barefoot to second
|
|
Batting: SHB Saulo Maina
|
0-0: Ball 1-0: Ball 2-0: Swinging Strike 2-1: Called Strike 2-2: Fly out, F8 (Flyball, 89M, EV 85.6 MPH)
|
|
Batting: RHB Bruno André
|
0-0: Ball 1-0: Called Strike 1-1: Fielders Choice at 2nd, 1-4 (Groundball, 25, EV 63.8 MPH) Dave Barefoot to third
|
|
Batting: RHB Takanibu Kaneshiro
|
0-0: Swinging Strike 0-1: Fielders Choice at 2nd, U6 (Groundball, 6M, EV 93.1 MPH)
|
| Bottom of the 4th over - 1 run, 1 hit, 0 errors, 2 left on base; San Diego 3 - Cincinnati 3 |
| TOP OF THE 5TH |
|
San Diego Padres batting - Pitching for Cincinnati Reds : RHP Matt Flink
|
|
Batting: SHB Phil Zacharia
|
0-0: Ball 1-0: SOLO HOME RUN (Flyball, 8RXD, EV 116.2 MPH), Distance : 450 ft
|
|
Pinch Hitting: RHB Brian DeVoe
|
0-0: Ground out U3 (Groundball, 23, EV 83.1 MPH)
|
|
Pinch Hitting: RHB Jaden Scott
|
0-0: Ball 1-0: Foul Ball, location: 2F 1-1: Ball 2-1: Ball 3-1: Fly out, F7 (Flyball, 7, EV 91.9 MPH)
|
|
Pinch Hitting: RHB Wally Cangro
|
0-0: SINGLE (Line Drive, 78S, EV 94.4 MPH)
|
|
Batting: RHB C.J. Beavers
|
|
|
Pinch Hitting: LHB Chad Cutler
|
0-0: Called Strike 0-1: Called Strike 0-2: Ball 1-2: Foul Ball, location: 2F 1-2: SINGLE (Line Drive, 89S, EV 91.2 MPH) Wally Cangro to second Runner from 2nd tries for 3rd, SAFE, throw by RF made to third
|
|
Batting: RHB Billy Crookston
|
0-0: Ball 1-0: Ball 2-0: Ball 3-0: Called Strike 3-1: Base on Balls Chad Cutler to second
|
|
Pinch Hitting: SHB Isaiah Scates
|
0-0: Called Strike 0-1: Ball 1-1: Swinging Strike 1-2: Strikes out swinging
|
| Top of the 5th over - 1 run, 3 hits, 0 errors, 3 left on base; San Diego 4 - Cincinnati 3 |
| TOP OF THE 6TH |
|
San Diego Padres batting - Pitching for Cincinnati Reds : RHP Matt Flink
|
|
Pitching: LHP Antonio Diaz
|
|
|
Batting: RHB Travis Robinson
|
0-0: Ball 1-0: Foul Ball, location: 2F 1-1: Swinging Strike 1-2: Ball 2-2: Strikes out swinging
|
|
Batting: LHB Hugo MacBeth
|
0-0: Ball 1-0: Foul Ball, location: 2F 1-1: Ball 2-1: Called Strike 2-2: SINGLE (Line Drive, 89M, EV 98.1 MPH)
|
|
Batting: RHB Ryan Tatum
|
0-0: DOUBLE (Line Drive, 9LD, EV 106.2 MPH) Hugo MacBeth to third
|
|
Batting: RHB Brian DeVoe
|
0-0: Ball Wild Pitch! Hugo MacBeth scores Ryan Tatum to third 1-0: Foul Ball, location: 2F 1-1: Ball 2-1: Foul Ball, location: 2F 2-2: Ball 3-2: Base on Balls
|
|
Batting: RHB Mike MacLeod
|
0-0: Foul Ball, location: 2F 0-1: Swinging Strike 0-2: Ball 1-2: Foul Ball, location: 2F 1-2: Ball Wild Pitch! Ryan Tatum scores Brian DeVoe to second 2-2: Ball 3-2: Strikes out looking
|
|
Batting: RHB Wally Cangro
|
0-0: Ball 1-0: Ball 2-0: Called Strike Balk! Brian DeVoe to third 2-1: Foul Ball, location: 2F 2-2: Ball 3-2: Strikes out swinging
|
| Top of the 6th over - 2 runs, 2 hits, 0 errors, 1 left on base; San Diego 6 - Cincinnati 3 |
| BOTTOM OF THE 6TH |
|
Cincinnati Reds batting - Pitching for San Diego Padres : LHP Matt Wheeler
|
|
Now at C: Rich Atterberry
|
|
|
Batting: LHB Chris Grunwald
|
0-0: SOLO HOME RUN (Flyball, 8LXD, EV 112.5 MPH), Distance : 454 ft
|
|
Pinch Hitting: SHB Jun Tsuda
|
0-0: Ball 1-0: Called Strike 1-1: Ball 2-1: Ground out 6-3 (Groundball, 6D, EV 105.0 MPH)
|
|
Pinch Hitting: RHB Joseph Kirchmann
|
0-0: Called Strike 0-1: Called Strike 0-2: Ground out 3-1 (Groundball, 34S, EV 81.9 MPH)
|
|
Batting: SHB Saulo Maina
|
0-0: Ball 1-0: Ball 2-0: Ball 3-0: Called Strike 3-1: Foul Ball, location: 2F 3-2: Strikes out swinging
|
| Bottom of the 6th over - 1 run, 1 hit, 0 errors, 0 left on base; San Diego 6 - Cincinnati 4 |
| TOP OF THE 7TH |
|
San Diego Padres batting - Pitching for Cincinnati Reds : LHP Antonio Diaz
|
|
Pitching: RHP Tony Ortiz
|
|
|
Now at 2B: Saulo Maina
|
|
|
Now at SS: Jun Tsuda
|
|
|
Now in LF: Bruno André
|
|
|
Now in RF: Joseph Kirchmann
|
|
|
Batting: LHB Chad Cutler
|
0-0: Swinging Strike 0-1: Swinging Strike 0-2: Foul Ball, location: 2F 0-2: Hit by Pitch
|
|
Batting: LHB Rich Atterberry
|
0-0: Ball 1-0: Ball 2-0: Foul Ball, location: 2F 2-1: Called Strike 2-2: Strikes out swinging
|
|
Batting: SHB Isaiah Scates
|
0-0: SINGLE (Flyball, 9LS, EV 83.8 MPH) Chad Cutler to second Runner from 2nd tries for 3rd, SAFE, throw by RF made to third
|
|
Batting: RHB Travis Robinson
|
0-0: Fly out, F8 (Flyball, 8LM, EV 88.1 MPH)
|
|
Batting: LHB Hugo MacBeth
|
0-0: Called Strike 0-1: Called Strike 0-2: Strikes out swinging
|
| Top of the 7th over - 0 runs, 1 hit, 0 errors, 2 left on base; San Diego 6 - Cincinnati 4 |
| BOTTOM OF THE 7TH |
|
Cincinnati Reds batting - Pitching for San Diego Padres : LHP Matt Wheeler
|
|
Pitching: RHP Eric Busby
|
|
|
Pinch Hitting: RHB Fred Slade
|
0-0: Ball 1-0: Called Strike 1-1: Foul Ball, location: 2F 1-2: DOUBLE (Line Drive, 9LS, EV 93.1 MPH)
|
|
Batting: RHB Takanibu Kaneshiro
|
0-0: Called Strike 0-1: Ball 1-1: SINGLE (Groundball, 5S, EV 69.4 MPH) (infield hit) Fred Slade to third
|
|
Batting: LHB Ricky Ayon
|
0-0: Ball Takanibu Kaneshiro steals 2nd base 1-0: Ball 2-0: Ball 3-0: Base on Balls
|
|
Batting: RHB Willie Lazcano
|
0-0: Ball 1-0: Foul Ball, location: 2F 1-1: DOUBLE (Line Drive, 5D, EV 95.0 MPH) Fred Slade scores Takanibu Kaneshiro scores Ricky Ayon to third
|
|
Batting: RHB Steve Castleberry
|
0-0: Called Strike 0-1: Ball 1-1: SINGLE (Groundball, 6MD, EV 98.8 MPH) Ricky Ayon scores Willie Lazcano to third Runner from 3rd tries for Home, SAFE, throw by CF to home
|
|
Pitching: LHP Ismael Diaz
|
|
|
Batting: LHB Chris Grunwald
|
0-0: Ball 1-0: Ball 2-0: Foul Ball, location: 2F 2-1: Foul Ball, location: 2F 2-2: Ball 3-2: Foul Ball, location: 2F 3-2: Grounds into double play, 4-6-3 (Groundball, 4, EV 100.6 MPH)
|
|
Batting: SHB Jun Tsuda
|
0-0: Called Strike 0-1: Called Strike 0-2: Ball 1-2: Ball 2-2: Foul Ball, location: 2F 2-2: Fly out, F7 (Flyball, 7D, EV 86.9 MPH)
|
| Bottom of the 7th over - 4 runs, 4 hits, 0 errors, 0 left on base; San Diego 6 - Cincinnati 8 |
| TOP OF THE 8TH |
|
San Diego Padres batting - Pitching for Cincinnati Reds : RHP Tony Ortiz
|
|
Pitching: RHP Robbie Delgado
|
|
|
Now in LF: Fred Slade
|
|
|
Batting: RHB Ryan Tatum
|
0-0: Swinging Strike 0-1: Called Strike 0-2: Foul Ball, location: 2F 0-2: Ball 1-2: Ball 2-2: Ball 3-2: Base on Balls
|
|
Batting: RHB Brian DeVoe
|
0-0: Fly out, F8 (Flyball, 8LM, EV 90.6 MPH)
|
|
Batting: RHB Mike MacLeod
|
0-0: Called Strike 0-1: Foul Ball, location: 2F 0-2: Ball 1-2: Ball 2-2: Strikes out looking
|
|
Batting: RHB Wally Cangro
|
0-0: Foul Ball, location: 2F 0-1: Ball 1-1: Ball 2-1: Ball 3-1: Base on Balls Ryan Tatum to second
|
|
Pinch Hitting: LHB Carlos Cuellar
|
0-0: SINGLE (Groundball, 4D, EV 93.8 MPH) Ryan Tatum to third Wally Cangro to second Runner from 3rd tries for Home, SAFE, throw by CF to home
|
|
Batting: LHB Rich Atterberry
|
0-0: Ball 1-0: Called Strike 1-1: Foul Ball, location: 2F 1-2: Strikes out swinging
|
| Top of the 8th over - 1 run, 1 hit, 0 errors, 2 left on base; San Diego 7 - Cincinnati 8 |
| BOTTOM OF THE 8TH |
|
Cincinnati Reds batting - Pitching for San Diego Padres : LHP Ismael Diaz
|
|
Pitching: RHP Angelo Radford
|
|
|
Now in LF: Carlos Cuellar
|
|
|
Batting: RHB Joseph Kirchmann
|
0-0: Ball 1-0: Ball 2-0: Called Strike 2-1: Ball 3-1: Swinging Strike 3-2: Strikes out looking
|
|
Batting: SHB Saulo Maina
|
0-0: Called Strike 0-1: Ball 1-1: Ball 2-1: Fly out, F7 (Flyball, 7, EV 94.4 MPH)
|
|
Batting: RHB Fred Slade
|
0-0: Called Strike 0-1: Swinging Strike 0-2: Foul Ball, location: 2F 0-2: Foul Ball, location: 2F 0-2: SINGLE (Line Drive, 9S, EV 101.2 MPH)
|
|
Batting: RHB Takanibu Kaneshiro
|
0-0: Foul Ball, location: 2F 0-1: Ball 1-1: Ball 2-1: Ball 3-1: Foul Ball, location: 2F 3-2: Strikes out swinging
|
| Bottom of the 8th over - 0 runs, 1 hit, 0 errors, 1 left on base; San Diego 7 - Cincinnati 8 |
| TOP OF THE 9TH |
|
San Diego Padres batting - Pitching for Cincinnati Reds : RHP Robbie Delgado
|
|
Pitching: RHP Jay Rapini
|
|
|
Batting: SHB Isaiah Scates
|
0-0: DOUBLE (Line Drive, 89M, EV 114.4 MPH)
|
|
Batting: RHB Travis Robinson
|
0-0: Ball 1-0: Foul Ball, location: 2F 1-1: Ball 2-1: Swinging Strike 2-2: Ground out 5-3 (Groundball, 5, EV 88.8 MPH)
|
|
Batting: LHB Hugo MacBeth
|
0-0: Called Strike 0-1: Ball 1-1: Foul Ball, location: 2F 1-2: Strikes out looking
|
|
Batting: RHB Ryan Tatum
|
0-0: Ball 1-0: Ball 2-0: Ball 3-0: Called Strike 3-1: Foul Ball, location: 2F 3-2: Strikes out swinging
|
| Top of the 9th over - 0 runs, 1 hit, 0 errors, 1 left on base; San Diego 7 - Cincinnati 8 |
|